 Dungeon Crawl Stone Soup version 0.28.0-62-gf88900778d (webtiles) character file.

Game seed: 1766043741326868469

6435 tkbsonic5 the Destroyer (level 10, -10/86 HPs)
             Began as a Hill Orc Conjurer on July 23, 2023.
             Was a Believer of Makhleb.
             Mangled by a komodo dragon (11 damage)
             ... on level 8 of the Dungeon on Aug 12, 2023.
             The game lasted 00:49:06 (11015 turns).

tkbsonic5 the Destroyer (Hill Orc Conjurer)        Turns: 11015, Time: 00:49:07

Health: -10/86     AC:  8    Str: 11    XL:     10   Next: 99%
Magic:  4/16       EV: 12    Int: 22    God:    Makhleb [**....]
Gold:   395        SH:  0    Dex:  9    Spells: 1/17 levels left

rFire   . . .      SeeInvis +   c - +4 halberd
rCold   + . .      Faith    .   (shield currently unavailable)
rNeg    . . .      Spirit   .   l - +2 robe {Archmagi}
rPois   .          Reflect  .   z - +2 hat
rElec   .          Harm     .   i - +0 cloak
rCorr   .          Rampage  .   (no gloves)
Will    .....      Archmagi +   m - +0 pair of boots
Stlth   ++........              (no amulet)
HPRegen 0.24/turn               b - ring of see invisible
MPRegen 0.15/turn               k - ring of protection from cold

@: sluggish, very slow
A: no striking features
a: Renounce Religion, Minor Destruction


You were on level 8 of the Dungeon.
You worshipped Makhleb.
Makhleb was pleased with you.
You visited 1 branch of the dungeon, and saw 9 of its levels.

You collected 395 gold pieces.

Inventory:

Hand Weapons
 c - a +4 halberd (weapon)
 f - a +1 halberd of protection
 t - a +3 dagger of chaos
 v - a +0 scimitar
Missiles
 p - a silver javelin
 s - 22 arrows
 C - a poisoned dart
Armour
 a - a +0 robe
 g - a +0 chain mail
 i - a +0 cloak (worn)
 l - a +2 robe of the Archmagi (worn)
 m - a +0 pair of boots (worn)
 q - a +0 plate armour
 r - a +0 buckler
 w - a +0 helmet
 z - a +2 hat (worn)
Jewellery
 b - a ring of see invisible (left hand)
 k - a ring of protection from cold (right hand)
 u - a ring of resist corrosion
Wands
 e - a wand of digging (1)
 h - a wand of flame (22)
Potions
 n - a potion of attraction


   Skills:
 * Level 7.1 Fighting
 - Level 2.2 Short Blades
 * Level 3.9 Polearms
 - Level 3.0 Throwing
 + Level 3.5 Armour
 * Level 2.5 Dodging
 + Level 2.6 Stealth
 - Level 1.8 Shields
 * Level 4.0 Spellcasting
 * Level 8.5 Conjurations
 * Level 3.7 Hexes
 + Level 3.3 Necromancy
 + Level 2.3 Air Magic
 * Level 1.5 Poison Magic
 * Level 6.0 Invocations
 * Level 4.3 Evocations


You had one spell level left.
You knew the following spells:

 Your Spells              Type           Power      Damage    Failure   Level
a - Magic Dart            Conj           100%       1d8       1%          1
b - Searing Ray           Conj           100%       2d8       1%          2
c - Animate Skeleton      Necr           56%        N/A       2%          1
d - Pain                  Necr           100%       1d9       2%          1
e - Swiftness             Air            21%        N/A       13%         3
f - Fulminant Prism       Conj/Hex       23%        3d13      9%          4
g - Olgreb's Toxic Radia  Pois           16%        N/A       52%         4

Your spell library contained the following spells:

 Spells                   Type           Power      Damage    Failure   Level
 Sting                    Tmut/Pois      44%        1d5       9%          1
 Apportation              Tloc           12%        N/A       11%         1
 Dazzling Flash           Conj/Hex       94%        N/A       2%          3
 Sublimation of Blood     Necr           28%        N/A       4%          2
 Ensorcelled Hibernation  Hex/Ice        36%        N/A       8%          2
 Poisonous Vapours        Pois/Air       38%        N/A       8%          2
 Vampiric Draining        Necr           28%        2d8       9%          3
 Passwall                 Tmut/Erth      5%         N/A       17%         2
 Wereblood                Tmut           6%         N/A       17%         2
 Iskenderun's Mystic Bla  Conj/Tloc      34%        2d8       19%         4
 Gell's Gravitas          Tloc           6%         N/A       32%         3
 Teleport Other           Tloc           6%         N/A       32%         3
 Alistair's Intoxication  Tmut/Pois      7%         N/A       92%         5
 Dispersal                Tloc           3%         N/A       100%        6
 Summon Hydra             Summ           3%         N/A       100%        7


Dungeon Overview and Level Annotations

Branches:
Dungeon (9/15)             Temple (0/1) D:7
   Lair: D:8-11         Orc: D:9-12

Altars:
Ashenzari
Makhleb
Nemelex Xobeh
Vehumet
Xom
Yredelemnul

Annotations:
D:5 1 runed translucent door, Crazy Yiuf


Message History

Confirm with . or Enter, or press ? or * to list all spells.
Aiming: Fulminant Prism (dangerous; 9% risk of failure)
Press: ? - help, Dir - move target You feel a surge of power!
You conjure a prism of explosive energy!
A fulminant prism comes into view.
You hear a loud crackle.
You hear an explosion!
The komodo dragon hisses angrily.
Casting: Fulminant Prism (dangerous; 9% risk of failure)
Confirm with . or Enter, or press ? or * to list all spells.
Okay, then.
Casting: Fulminant Prism (dangerous; 9% risk of failure)
Confirm with . or Enter, or press ? or * to list all spells.
Aiming: Fulminant Prism (dangerous; 9% risk of failure)
Press: ? - help, Dir - move target, f - komodo dragon
Aim: a komodo dragon (moderately wounded)
You feel a surge of power!
You can't place the prism on a creature.
Casting: Fulminant Prism (dangerous; 9% risk of failure)
Confirm with . or Enter, or press ? or * to list all spells.
Aiming: Searing Ray (safe; 1% risk of failure)
Press: ? - help, Shift-Dir - straight line, f/p - komodo dragon
Aim: a komodo dragon (moderately wounded, 87% to hit)
You feel a surge of power!
The searing ray hits the komodo dragon!
The komodo dragon is heavily wounded. (Press . to maintain the ray.)
The searing ray misses the komodo dragon.
The searing ray hits the komodo dragon.
The komodo dragon is heavily wounded.
The komodo dragon barely misses you.
The searing ray hits the komodo dragon!
The komodo dragon is severely wounded.
You finish channelling your searing ray.
You start to feel a little faster.
The komodo dragon bites you!!
* * * LOW HITPOINT WARNING * * *
You slash the komodo dragon!
The komodo dragon is almost dead.
The komodo dragon bites you!
You die...

.....#.#.#########.......########
#.##.#.#...##...l...............#
.....#.###.##.#####.#####'#####.#
#..........##.# #..##.....##..#
.......######.######..##...##..##
.#.##### #*.........##.##..##
...#############.###....###..##
#...........# #l# ##....#...#
#.#.#######.# #@# ##.......#
#.#.# #.####.# ##.....## #...#
###.#....# ####### ..###
#...#.#### ....# #.###.# #.#.#
#.#...# #.#.# #.#.#####
#.#.#####.......#
#.#.....###.###.#########


You could see a komodo dragon.

Vanquished Creatures
  Erica (D:8)
  A two-headed ogre (D:6)
  A hornet (D:9)
  2 wraiths (D:8)
  A wyvern (D:8)
  7 yaks (D:8)
  Sigmund (D:2)
  2 steam dragons (D:8)
  3 water moccasins
  2 black bears
  A sky beast (D:7)
  2 orc warriors
  An ice beast (D:8)
  A necrophage (D:8)
  4 ogres
  2 centaurs
  3 bullfrogs (D:8)
  A gnoll sergeant (D:6)
  A scorpion (D:5)
  5 wights (D:8)
  4 howler monkeys
  A crimson imp (D:3)
  2 centaur zombies
  A centaur skeleton (D:4)
  2 jellies (D:7)
  2 hounds
  A gnoll shaman (D:7)
  2 orc wizards (D:8)
  A bullfrog skeleton (D:4)
  5 iguanas
  A hound zombie (D:5)
  2 hound skeletons (D:4)
  A mummy (D:8)
  A howler monkey zombie (D:5)
  11 adders
  8 gnolls
  A howler monkey skeleton (D:7)
  2 shadow imps
  3 white imps
  3 worms (D:2)
  A dart slug (D:3)
  11 orcs
  7 endoplasms
  4 giant cockroaches
  11 goblins
  9 hobgoblins
  4 kobolds
  6 quokkas
  3 ball pythons
  2 bats
  8 frilled lizards
  4 rats
166 creatures vanquished.

Vanquished Creatures (others)
  23 fulminant prisms
  7 fungi (D:9)
  8 plants (D:9)
38 creatures vanquished.

Grand Total: 204 creatures vanquished

Notes
Turn   | Place    | Note
-------+----------+-------------------------------------------
     0 | D:1      | tkbsonic5 the Hill Orc Conjurer began the quest for the
                  | Orb.
     0 | D:1      | Reached XP level 1. HP: 14/14 MP: 3/3
   135 | D:1      | Reached skill level 1 in Fighting
   178 | D:1      | Reached XP level 2. HP: 23/23 MP: 1/4
   413 | D:1      | Learned a level 2 spell: Searing Ray
   774 | D:1      | Reached XP level 3. HP: 29/29 MP: 1/5
   776 | D:1      | Learned a level 1 spell: Animate Skeleton
   778 | D:1      | Learned a level 1 spell: Pain
  1742 | D:2      | Found a sparkling altar of Nemelex Xobeh.
  1935 | D:2      | Reached XP level 4. HP: 37/37 MP: 1/6
  2146 | D:2      | Reached skill level 1 in Necromancy
  2503 | D:2      | Reached skill level 5 in Conjurations
  2877 | D:3      | Noticed Sigmund
  2882 | D:3      | Identified a scroll of acquirement
  2882 | D:3      | Acquired a ring of see invisible
  3069 | D:2      | Killed Sigmund
  3070 | D:2      | Reached skill level 6 in Conjurations
  3070 | D:2      | Reached XP level 5. HP: 6/44 MP: 3/7
  3070 | D:2      | Reached XP level 6. HP: 7/50 MP: 3/8
  3519 | D:3      | Found a shimmering altar of Xom.
  3567 | D:3      | Found a burning altar of Makhleb.
  3833 | D:3      | Became a worshipper of Makhleb the Destroyer
  4099 | D:4      | Reached skill level 1 in Invocations
  4508 | D:4      | Reached XP level 7. HP: 58/58 MP: 5/9
  4513 | D:4      | Reached skill level 1 in Short Blades
  5162 | D:5      | Entered Level 5 of the Dungeon
  5313 | D:5      | Reached skill level 7 in Conjurations
  5419 | D:5      | Reached skill level 1 in Throwing
  5419 | D:5      | Reached skill level 1 in Armour
  5669 | D:5      | Found a runed translucent door.
  5670 | D:5      | Noticed Crazy Yiuf
  5683 | D:5      | Learned a level 3 spell: Swiftness
  5847 | D:6      | Reached * piety under Makhleb
  5848 | D:6      | Reached skill level 1 in Shields
  5848 | D:6      | Reached XP level 8. HP: 67/67 MP: 2/11
  6000 | D:6      | Noticed a two-headed ogre
  6013 | D:6      | Killed a two-headed ogre
  6014 | D:6      | Reached skill level 5 in Fighting
  6171 | D:6      | Found a radiant altar of Vehumet.
  6181 | D:6      | Noticed a troll
  6248 | D:5      | Reached skill level 1 in Air Magic
  6431 | D:5      | Learned a level 4 spell: Fulminant Prism
  6763 | D:6      | Reached XP level 9. HP: 74/74 MP: 9/13
  7268 | D:7      | Reached skill level 1 in Polearms
  7268 | D:7      | Reached skill level 1 in Hexes
  7698 | D:7      | Found a broken altar of Ashenzari.
  7883 | D:7      | Reached skill level 5 in Invocations
  8044 | D:7      | Found a basalt altar of Yredelemnul.
  8045 | D:7      | Found a sparkling altar of Nemelex Xobeh.
  8073 | D:7      | Found a staircase to the Ecumenical Temple.
  8212 | D:8      | Reached skill level 8 in Conjurations
  8322 | D:8      | Reached XP level 10. HP: 36/84 MP: 2/15
  8350 | D:8      | Reached ** piety under Makhleb
  8702 | D:8      | Learned a level 4 spell: Olgreb's Toxic Radiance
  9547 | D:8      | Noticed Erica
  9564 | D:8      | Killed Erica
  9565 | D:8      | Reached skill level 1 in Poison Magic
 10985 | D:9      | Noticed a two-headed ogre
 11014 | D:8      | HP: 1/86 [komodo dragon (21)]
 11015 | D:8      | Mangled by a komodo dragon

Illustrated notes

Levels and vault maps discovered:
D:1:      zelgadis_glass_arrival_small, layout_loops_ring,
          nicolae_figureground_pulse
D:2:      layout_loops_ring, basic_altar
D:3:      layout_rooms, grunt_temple_overflow_champion_of_chaos,
          chequers_serial_rivers_room_a, uniq_sigmund
D:4:      layout_loops_corners
D:5:      layout_rooms, minmay_misc_feat_nine_boxes, uniq_crazy_yiuf_cottage
D:6:      layout_rooms, general_overflow_altar
D:7:      layout_cave_pools, nicolae_ashenzari_skybound,
          mainiacjoe_overflow_big_doors, minmay_temple_entry_crystal_x,
          feat_on_display
D:8:      layout_basic, gup_ossuary_entry_pyramid, hangedman_decor_opposing,
          uniq_erica
D:9:      layout_small_grid, grunt_lair_entry_orc_guard_hut

Skill      XL: |  1  2  3  4  5  6  7  8  9 10 |
---------------+-------------------------------+-----
Fighting       | 1 2 3 4 5 6 7 |  7.1
Necromancy     | 1 2 3 |  3.3
Conjurations   | 6 7 8 |  8.5
Invocations    | 2 3 4 5 6 |  6.0
Short Blades   | 1 2 |  2.2
Throwing       | 1 2 3 |  3.0
Armour         | 1 2 3 |  3.5
Spellcasting   | 2 3 4 |  4.0
Shields        | 1 |  1.8
Evocations     | 2 3 4 |  4.3
Air Magic      | 1 2 |  2.3
Polearms       | 2 3 |  3.9
Hexes          | 2 3 |  3.7
Stealth        | 2 |  2.6
Dodging        | 2 |  2.5
Poison Magic   | 1 |  1.5

Action                   |  1- 3 |  4- 6 |  7- 9 | 10-12 || total
-------------------------+-------+-------+-------+-------++-------
Melee: Dagger            |    20 |    24 |     2 |       ||    46
       Punch             |     1 |       |       |       ||     1
       Halberd           |       |       |    12 |    33 ||    45
Throw: Javelin           |       |       |     7 |     1 ||     8
       Throwing net      |       |       |     3 |       ||     3
       Boomerang         |       |       |     3 |       ||     3
       Dart              |       |       |     2 |     3 ||     5
 Cast: Magic Dart        |    33 |    14 |    43 |     4 ||    94
       Searing Ray       |    19 |    24 |    31 |    22 ||    96
       Animate Skeleton  |     2 |     1 |       |       ||     3
       Fulminant Prism   |       |       |    14 |     9 ||    23
       Pain              |       |       |     1 |     4 ||     5
       Swiftness         |       |       |       |     1 ||     1
Invok: Minor Destruction |       |       |       |     1 ||     1
Evoke: Wand              |       |       |    16 |    13 ||    29
  Use: Potion            |     2 |     4 |     2 |     2 ||    10
       Scroll            |     2 |     5 |    14 |     1 ||    22
 Stab: Distracted        |     1 |       |       |       ||     1
       Sleeping          |       |     1 |       |     1 ||     2
Armor: Robe              |     3 |     6 |    41 |    15 ||    65
       Skin              |       |       |       |     4 ||     4
Dodge: Dodged            |    16 |    16 |    45 |    42 ||   119
Block: Buckler           |       |       |     6 |       ||     6
